 Dungeon Crawl Stone Soup version 0.20.0-10-g0535bb4 (webtiles) character file.

255440 McKennaii the Warrior (level 19, -7/163 HPs)
             Began as a Demonspawn Abyssal Knight on June 4, 2017.
             Was the Champion of Lugonu.
             Mangled by a saltling (19 damage)
             ... in the Desolation of Salt.
             The game lasted 03:01:06 (52466 turns).

McKennaii the Warrior (Demonspawn Abyssal Knight)  Turns: 52466, Time: 03:01:07

Health: -7/163     AC: 39    Str: 19    XL:     19   Next: 4%
Magic:  0/23       EV:  6    Int: 15    God:    Lugonu [******]
Gold:   1030       SH: 12    Dex: 16    Spells: 18/18 levels left

rFire    + . .     SeeInvis +   x - +9 scimitar (distort)
rCold    + . .     Gourm    .   O - +0 buckler
rNeg     + . .     Faith    .   J - +5 gold dragon scales of Kialier {rPois rF+ rC+ MR+ Slay-3 Stlth+}
rPois    +         Spirit   +   (helmet unavailable)
rElec    +         Reflect  +   j - +2 cloak
rCorr    .         Harm     .   m - +2 pair of gloves
MR       +++++                  M - +0 pair of boots {Stlth+}
Stlth    ..........             l - amulet of Yredelemnul's Esteem {Reflect rElec rF- rN+ MR+++ SH+5}
Regen    0.4/turn               V - +5 ring of strength
MPRegen  0.4/turn               R - ring "Raebairho" {rF+ SInv}

@: contaminated, hasted, glowing, drained, invisible (but backlit and visible),
very quick
A: horns 3, iridescent scales 3, clumsy 1, powered by pain 2, augmentation 1,
magic shield, magic regeneration
}: 2/15 runes: decaying, gossamer
a: Depart the Abyss, Bend Space, Banish, Corrupt, Enter the Abyss, Renounce
Religion


You were in the Desolation of Salt.
You worshipped Lugonu.
Lugonu was exalted by your worship.
You were not hungry.

You visited 6 branches of the dungeon, and saw 33 of its levels.
You visited the Abyss 6 times.
You also visited: Labyrinth and Desolation.

You collected 3404 gold pieces.
You spent 2374 gold pieces at shops.

Inventory:

Hand Weapons
 x - a +9 scimitar of distortion (weapon)
 F - a +0 hand crossbow of flaming
Armour
 j - a +2 cloak (worn)
 m - a +2 pair of gloves (worn)
 J - the +5 gold dragon scales of Kialier (worn) {rPois rF+ rC+ MR+ Slay-3 Stlth+}
   (You found it in a labyrinth)

   It affects your accuracy and damage with ranged weapons and melee attacks
   (-3).
   It protects you from fire.
   It protects you from cold.
   It protects you from poison.
   It affects your resistance to hostile enchantments.
   It makes you more stealthy.
 M - a +0 pair of boots of stealth (worn)
 O - a +0 buckler (worn)
Jewellery
 a - an uncursed ring of ice
 h - an uncursed ring of fire
 k - an uncursed ring of flight
 l - the amulet of Yredelemnul's Esteem (around neck) {Reflect rElec rF- rN+ MR+++ SH+5}
   (You took it off a minotaur in a labyrinth)

   [amulet of reflection]

   It shields you and reflects attacks.
   It makes you vulnerable to fire.
   It insulates you from electricity.
   It protects you from negative energy.
   It affects your resistance to hostile enchantments.
   It affects your SH (+5).
 R - the ring "Raebairho" (right hand) {rF+ SInv}
   (You found it on level 5 of the Lair of Beasts)

   [ring of see invisible]

   It protects you from fire.
   It lets you see invisible.
 V - a +5 ring of strength (left hand)
Wands
 C - a wand of lightning (10/15)
 P - a wand of clouds (0/9)
Scrolls
 b - 2 scrolls of fog
 e - 3 scrolls of magic mapping
 f - 11 scrolls of identify
 i - 8 scrolls of amnesia
 n - 5 scrolls of recharging
 o - 8 scrolls of enchant armour
 v - 6 scrolls of enchant weapon
 H - 7 scrolls of remove curse
 K - a scroll of acquirement
 L - 2 scrolls of brand weapon
 U - a scroll of summoning
Potions
 d - 3 potions of brilliance
 q - 5 potions of cancellation
 r - 4 potions of agility
 s - 7 potions of flight
 z - 5 potions of magic
 B - 2 potions of mutation
 D - a potion of haste
 G - 4 potions of might
 I - 2 potions of resistance
 X - a potion of invisibility
Comestibles
 c - 30 bread rations
 p - 3 chunks of flesh
 t - 19 royal jellies
 u - 8 meat rations
 Q - a fruit


   Skills:
 + Level 18.1(17.3) Fighting
 + Level 18.0(17.1) Long Blades
 + Level 15.2(14.5) Armour
 + Level 5.1(4.5) Dodging
 + Level 3.1(2.5) Stealth
 + Level 12.6(11.9) Shields
 + Level 6.3(5.7) Invocations
 + Level 4.2(3.6) Evocations


You had 18 spell levels left.
You didn't know any spells.

Dungeon Overview and Level Annotations

Branches:
Dungeon (15/15)            Temple (0/1) D:6            Lair (6/6) D:11
  Swamp (4/4) Lair:4       Spider (4/4) Lair:3        Slime (0/5) Lair:6
    Orc (2/2) D:9             Elf (2/3) Orc:2        Vaults (0/5) D:14
 Depths (0/5) D:15

Altars:
Ashenzari
Dithmenos
Elyvilon
Okawaru
Qazlal
Zin
The Shining One
Beogh

Shops:
D:7 (   D:10 ?   D:14 *   Orc:2 *[:(   Elf:1 *=(%?

Annotations:
D:3 Ijyb
D:5 dion0's ghost, amateur GrFi
D:13 Frances
D:14 Snorg
Abyss:1 Azrael; Roxanne


Innate Abilities, Weirdness & Mutations

You have a pair of large horns on your head.
You are completely covered in iridescent scales. (AC +6)
You sometimes gain power by taking damage.
Your magical and physical power is slightly enhanced at high health.
When hurt, damage is shared between your health and your magic reserves.
You regenerate magic rapidly.
You are clumsy. (Dex -2)


Message History

Your base Long Blades skill increases to level 18!
The servant of whispers hits you but does no damage.
Your ragged hierophant casts a spell.
Your ragged hierophant begins to accept its allies' injuries.
The servant of whispers hits you but does no damage.
The peacekeeper bites you.
* * * LOW HITPOINT WARNING * * *
The peacekeeper claws you but does no damage.
The saltling closely misses you. You block the saltling's attack.
Space bends around you!
You blink.
A saltling comes into view.
A saltling comes into view.
You block the saltling's attack.
The peacekeeper roars a battlecry!
The saltlings go into a battle-frenzy!
You block the saltling's attack.
The air resumes its normal movements.
The saltling no longer looks unusually strong.
The saltling hits you!!
You die...

8.S.................
.p8.p...................
8.......S...............
8......8..p.....8.......
p..............8........
..S.......p.p..#........
.p.......8..............
..........8.8.88......#
.#........8..8.8@.....#
...............p........
.........p...8..........
.S...........................
.................................
.................................
........................#8.......
.####............................
## #....##......................


You could see a ragged hierophant, 2 servants of whispers, 2 imperial myrmidons,
a peacekeeper and 10 saltlings.

Vanquished Creatures
  Bai Suzhen (Spider:2)
  Nikola (Swamp:4)
  Arachne (Spider:4)
  A thorn hunter (Swamp:4)
  Donald (Swamp:3)
  Kirke (D:12)
  A ghost moth (Spider:4)
  An imperial myrmidon (Desolation)
  3 emperor scorpions
  An orc warlord (Abyss:1)
  An angel (Elf:2)
  2 entropy weavers
  An ettin (Orc:2)
  2 spark wasps (Spider:4)
  A minotaur (Lab)
  The ghost of Fv001 the Basher, a journeyman DsFi of Ru (D:12)
  A fire dragon (D:15)
  Fannar (D:11)
  Josephine (D:11)
  A ragged hierophant (Desolation)
  A servant of whispers (Desolation)
  15 hydras
  A peacekeeper (Desolation)
  A catoblepas (Lair:6)
  The ghost of xash the Nimble, a journeyman OpTm of Cheibriados (D:10)
  4 alligators
  7 dancing weapons
  4 centaur warriors
  8 death scarabs (Spider:4)
  3 two-headed ogres
  14 death yaks
  An ogre mage (D:12)
  A thrashing horror (Abyss:1)
  A deep troll shaman (Lair:6)
  2 orc high priests
  6 tengu warriors
  Urug (Orc:2)
  8 deep elf knights
  3 skeletal warriors
  A sixfirhy (Abyss:1)
  2 unseen horrors
  A spriggan druid (Swamp:4)
  A wizard (D:14)
  15 swamp dragons
  6 deep elf archers
  3 spectral wolf spiders (Spider:4)
  Pikel (D:7)
  3 shambling mangroves
  A necromancer (D:14)
  An orc knight (Orc:2)
  3 ironbrand convokers (Desolation)
  4 lindwurms (Lair:5)
  8 ugly things
  19 wolf spiders
  5 orc sorcerers
  27 deep elf magi
  18 orb spiders
  2 oklob plants (Lair:1)
  A worldbinder (Abyss:2)
  A manticore (D:12)
  3 elephants (Lair:6)
  2 cyclopes
  A guardian serpent (Desolation)
  Psyche (D:8)
  2 black mambas
  A moth of wrath (Spider:4)
  An orange demon (Abyss:2)
  A molten gargoyle (Desolation)
  2 gargoyles
  14 spiny frogs
  3 rime drakes (Swamp:4)
  2 kobold demonologists
  2 centaur skeletons
  4 spectral redbacks (Spider:4)
  A redback zombie (Spider:4)
  6 komodo dragons
  13 demonic crawlers
  2 tengu conjurers
  4 ancient zymes
  9 trolls
  3 meliai (D:12)
  18 hornets
  34 jumping spiders
  A merfolk (D:9)
  A polar bear (Lair:6)
  4 tyrant leeches
  3 spectral tarantellas (Spider:4)
  15 saltlings (Desolation)
  A queen bee (D:12)
  A spectral jumping spider (Spider:4)
  3 bog bodies
  3 large abominations
  5 hippogriffs
  13 blink frogs
  2 meliai zombies
  A jumping spider zombie (Spider:4)
  8 slime creatures
  2 tarantella zombies (Spider:4)
  A dream sheep (shapeshifter) (D:13)
  21 tarantellas
  12 spriggans
  Sigmund (D:3)
  2 air elementals (Elf:1)
  81 redbacks
  A wyvern (Lair:4)
  7 wraiths
  4 basilisks
  2 shadows (Swamp:3)
  2 water elementals (Elf:2)
  6 fire elementals
  2 hogs (D:12)
  34 yaks
  12 vampire mosquitoes
  A neqoxec (Abyss:2)
  2 steam dragons
  A hungry ghost (Lab)
  6 wargs
  11 insubstantial wisps
  A soldier ant (D:13)
  17 swamp worms
  An acid dragon (D:13)
  3 hell hounds
  16 porcupines
  2 black bears
  11 water moccasins
  25 orc warriors
  7 sky beasts
  A spectral hornet (Spider:4)
  8 swamp drakes
  4 ice beasts
  2 slaves (D:6)
  5 small abominations
  2 eyes of draining
  3 phantoms
  4 boggarts (D:14)
  A necrophage (D:10)
  13 ogres
  20 wolves
  15 centaurs
  17 crocodiles
  17 bullfrogs
  20 big kobolds
  2 gnoll sergeants
  A wyvern zombie (D:11)
  3 earth elementals
  2 scorpions
  A water moccasin zombie (D:12)
  A wyvern skeleton (D:14)
  42 killer bees
  14 wights
  A howler monkey (D:4)
  6 electric eels
  6 crimson imps
  2 bullfrog zombies
  4 centaur zombies
  2 quasits
  14 orc priests
  12 starcursed masses
  11 hounds
  4 jellies
  3 bullfrog skeletons
  28 orc wizards
  A gnoll shaman (D:4)
  8 iguanas
  Natasha (thrice) (D:3)
  14 worker ants
  2 worker ant zombies
  Robin (D:3)
  11 gnolls
  15 adders
  3 shadow imps
  4 white imps
  An ufetubus (Abyss:2)
  3 worms
  6 dart slugs
  A leopard gecko (D:2)
  94 orcs
  A ball python (D:4)
  5 bats
  2 giant cockroaches
  17 goblins
  12 hobgoblins
  5 jackals
  17 kobolds
  8 quokkas
  7 frilled lizards
  A jackal zombie (D:5)
  2 leopard gecko skeletons
  5 rats
  5 briar patches (Swamp:4)
1258 creatures vanquished.

Vanquished Creatures (collateral kills)
  8 saltlings (Desolation)
  An orc warrior (Orc:2)
  An orc wizard (Orc:2)
10 creatures vanquished.

Vanquished Creatures (others)
  An Executioner (Abyss:1)
  A tentacled starspawn (Abyss:2)
  An emperor scorpion (Spider:4)
  A deep elf elementalist (Elf:1)
  The ghost of Serafim the Cleaver, a journeyman MiFi of Okawaru (Orc:2)
  2 hydras (Swamp:2)
  A death knight (D:14)
  A two-headed ogre (D:10)
  A centaur warrior (D:15)
  3 alligators
  A dancing weapon (Elf:1)
  A tengu warrior (D:15)
  A deep elf knight (Elf:1)
  A death yak (Lair:6)
  5 skeletal warriors
  A spriggan druid (Swamp:4)
  3 swamp dragons (Swamp:4)
  A shambling mangrove (Swamp:4)
  A spectral wolf spider (Spider:4)
  An orc knight (Orc:2)
  5 deep elf archers
  3 ugly things
  5 deep elf magi (Elf:1)
  6 wolf spiders
  2 orb spiders
  A cyclops (D:15)
  2 centaur zombies (D:15)
  A moth of wrath (Spider:2)
  A gargoyle (D:13)
  A spiny frog (Swamp:3)
  A demonic crawler (Spider:2)
  A spectral redback (Spider:4)
  A queen bee (shapeshifter) (D:14)
  6 jumping spiders
  A tyrant leech (Swamp:2)
  2 spectral jumping spiders (Spider:4)
  2 hornets
  2 saltlings (Desolation)
  2 slime creatures (D:14)
  A jumping spider zombie (Spider:4)
  2 air elementals (Elf:1)
  6 redbacks
  A starcursed mass (Abyss:1)
  3 tarantellas (Spider:4)
  A water elemental (Elf:1)
  5 humans (D:12)
  An insubstantial wisp (Swamp:4)
  A vampire mosquito (D:14)
  A spectral hornet (Spider:4)
  3 orc warriors
  A slave (D:7)
  An ogre (Orc:1)
  A necrophage (D:11)
  A centaur (D:15)
  A big kobold (D:7)
  A small abomination (Abyss:2)
  2 howler monkeys (D:7)
  A jelly (D:7)
  An orc priest (Orc:2)
  An orc wizard (D:9)
  A worker ant (D:12)
  An adder zombie (D:7)
  4 orcs
  2 kobolds (D:7)
  2 briar patches (Swamp:4)
  5 fungi
  A plant (Lair:1)
126 creatures vanquished.

Grand Total: 1394 creatures vanquished

Notes
Turn   | Place    | Note
-------+----------+-------------------------------------------
     0 | Abyss:1  | McKennaii the Demonspawn Abyssal Knight began the quest for the Orb.
     0 | Abyss:1  | Reached XP level 1. HP: 18/18 MP: 2/2
   106 | Abyss:1  | Noticed a slime creature
   153 | Abyss:1  | Noticed a worldbinder
   155 | Abyss:1  | Noticed a spiny frog
   159 | Abyss:1  | Noticed a small abomination
   163 | D:1      | Escaped the Abyss
   308 | D:1      | Gained mutation: When hurt, damage is shared between your health and your magic reserves. [demonic ancestry]
   308 | D:1      | Reached XP level 2. HP: 20/24 MP: 3/3
   734 | D:1      | Reached skill level 1 in Dodging
  1013 | D:1      | Reached XP level 3. HP: 9/29 MP: 1/4
  1340 | D:1      | Reached * piety under Lugonu
  1792 | D:2      | Gained mutation: You sometimes gain a little power by taking damage. [demonic ancestry]
  1792 | D:2      | Reached XP level 4. HP: 36/37 MP: 5/5
  1946 | D:2      | Found a faded altar of an unknown god.
  2094 | D:3      | Noticed Ijyb
  2402 | D:3      | Noticed Robin
  2416 | D:2      | Reached ** piety under Lugonu
  2676 | D:3      | Noticed Sigmund
  3643 | D:5      | Entered Level 5 of the Dungeon
  3696 | D:5      | Reached XP level 5. HP: 38/42 MP: 6/6
  3708 | D:5      | Noticed dion0's ghost (amateur GrFi)
  3997 | D:3      | Killed Sigmund
  3997 | D:3      | Reached XP level 6. HP: 32/48 MP: 4/7
  4010 | D:3      | Noticed Natasha
  4025 | D:3      | Killed Natasha
  4063 | D:3      | Noticed Natasha
  4072 | D:3      | Killed Natasha
  4083 | D:3      | Noticed Natasha
  4088 | D:3      | Killed Natasha
  4229 | D:3      | Killed Robin
  5524 | D:5      | Noticed a sky beast
  5545 | D:5      | Killed a sky beast
  5545 | D:5      | Reached skill level 5 in Long Blades
  5545 | D:5      | Reached XP level 7. HP: 34/55 MP: 5/8
  6690 | D:6      | Reached XP level 8. HP: 61/61 MP: 9/9
  6866 | D:6      | Reached skill level 5 in Fighting
  6923 | D:6      | Found a staircase to the Ecumenical Temple.
  7562 | D:4      | Reached skill level 1 in Stealth
  7976 | D:7      | Noticed Pikel
  8146 | D:7      | Killed Pikel
  8146 | D:7      | Reached skill level 5 in Armour
  8286 | D:7      | Gained mutation: You have a pair of small horns on your head. [demonic ancestry]
  8286 | D:7      | Reached XP level 9. HP: 54/69 MP: 8/11
  8331 | D:7      | Found Usag Utwall's Antique Weapon Shop.
  8610 | D:7      | Reached *** piety under Lugonu
  9598 | D:8      | Got a dazzling dagger
  9599 | D:8      | Identified the +2 dagger of Tenacity {antimagic, rN+ Str+3} (You found it on level 8 of the Dungeon)
  9656 | D:8      | Noticed Psyche
  9820 | D:8      | Killed Psyche
 10218 | D:8      | Paralysed by a hornet for 3 turns
 10931 | D:9      | Found a staircase to the Orcish Mines.
 11248 | D:9      | Gained mutation: You are partially covered in iridescent scales. (AC +2) [demonic ancestry]
 11248 | D:9      | Reached XP level 10. HP: 70/77 MP: 12/12
 11331 | D:9      | Found a stormy altar of Qazlal.
 11436 | D:9      | Reached **** piety under Lugonu
 11587 | D:9      | Noticed a smoke demon
 12186 | D:9      | Reached skill level 10 in Long Blades
 12225 | D:9      | Noticed an orange demon
 12891 | D:10     | Entered Level 10 of the Dungeon
 13118 | D:10     | Found Zosov's Magic Scroll Shoppe.
 13132 | D:10     | Reached ***** piety under Lugonu
 13791 | D:10     | Found a shattered altar of Ashenzari.
 13870 | D:10     | Noticed xash's ghost (journeyman OpTm)
 13902 | D:10     | Killed xash's ghost
 13902 | D:10     | Reached XP level 11. HP: 53/85 MP: 9/13
 13975 | D:10     | Found a shattered altar of Ashenzari.
 14479 | D:11     | Noticed a two-headed ogre
 15187 | D:10     | Reached skill level 1 in Evocations
 15235 | D:11     | Noticed Josephine
 15242 | D:11     | Noticed a two-headed ogre
 15249 | D:11     | Killed Josephine
 15654 | Abyss:1  | Noticed a tentacled starspawn
 15661 | D:10     | Escaped the Abyss
 16107 | D:10     | Killed a two-headed ogre
 16339 | D:11     | Found a staircase to the Lair.
 16380 | D:11     | Noticed Fannar
 16703 | D:10     | Noticed a soul eater
 16967 | D:10     | Noticed a sun demon
 17682 | D:11     | Killed Fannar
 17748 | D:11     | Killed a two-headed ogre
 17834 | D:11     | Gained mutation: You are mostly covered in iridescent scales. (AC +4) [demonic ancestry]
 17834 | D:11     | Reached XP level 12. HP: 76/95 MP: 11/15
 18431 | D:12     | Reached skill level 10 in Armour
 18832 | D:12     | Noticed Kirke
 19320 | D:12     | Killed Kirke
 19558 | D:12     | Reached skill level 10 in Fighting
 20058 | D:12     | Got a smoking scale mail
 20069 | D:12     | Identified the +2 scale mail "Xonuh" {Str+2 Int+5} (You found it on level 12 of the Dungeon)
 20116 | D:12     | Noticed Fv001's ghost (journeyman DsFi)
 20189 | D:12     | Killed Fv001's ghost
 20541 | D:13     | Noticed an ogre mage
 20541 | D:13     | Noticed a two-headed ogre
 20552 | D:12     | Killed an ogre mage
 20767 | D:12     | Killed a two-headed ogre
 20951 | D:13     | Gained mutation: You sometimes gain power by taking damage. [demonic ancestry]
 20951 | D:13     | Reached XP level 13. HP: 83/104 MP: 12/16
 21231 | D:13     | Noticed Frances
 21274 | Lair:1   | Entered Level 1 of the Lair of Beasts
 21290 | Lair:1   | Identified a scroll of acquirement
 21291 | Lair:1   | Got a sapphire triple sword
 21292 | Lair:1   | Identified the +2 triple sword of Valour {drain, MR++ Str+4 Dex-4} (You acquired it on level 1 of the Lair of Beasts)
 21496 | Lair:1   | Reached ****** piety under Lugonu
 22425 | Lair:1   | Reached skill level 5 in Dodging
 23092 | Lair:2   | Reached skill level 5 in Invocations
 23100 | Lair:2   | Found a stormy altar of Qazlal.
 23457 | Lair:2   | Identified a +6 scimitar of distortion (a +4 scimitar corrupted by Lugonu)
 23457 | Lair:2   | Received a gift from Lugonu
 23547 | Abyss:1  | Noticed a bone dragon
 23549 | Abyss:1  | Noticed a starcursed mass
 23549 | Lair:2   | Escaped the Abyss
 24254 | Lair:3   | Found a hole to the Spider Nest.
 24986 | Lair:4   | Found a labyrinth entrance.
 25121 | Lair:4   | Found a staircase to the Swamp.
 25159 | Lab      | Entered a labyrinth
 25444 | Lab      | Noticed a minotaur
 25481 | Lab      | Killed a minotaur
 25481 | Lab      | Gained mutation: You are completely covered in iridescent scales. (AC +6) [demonic ancestry]
 25481 | Lab      | Reached XP level 14. HP: 64/114 MP: 9/18
 25483 | Lab      | Got a scorched golden amulet
 25501 | Lab      | Identified the amulet of Yredelemnul's Esteem {Reflect rElec rF- rN+ MR+++ SH+5} (You took it off a minotaur in a labyrinth)
 25512 | Lab      | Got heavily runed gold dragon scales
 25549 | Lair:4   | Identified the +5 gold dragon scales of Kialier {rPois rF+ rC+ MR+ Slay-3 Stlth+} (You found it in a labyrinth)
 26223 | Lair:4   | Reached skill level 15 in Long Blades
 26488 | Lair:3   | Reached skill level 1 in Shields
 27746 | Lair:5   | Got a steaming lapis lazuli ring
 27757 | Lair:5   | Identified the ring "Raebairho" {rF+ SInv} (You found it on level 5 of the Lair of Beasts)
 27841 | Lair:6   | Entered Level 6 of the Lair of Beasts
 27975 | Lair:6   | Found a staircase to the Slime Pits.
 28643 | Lair:6   | Got an iridescent arbalest
 29158 | Lair:6   | Identified the cursed +1 arbalest of the Shining Light {flame, Dex+4} (You found it on level 6 of the Lair of Beasts)
 29394 | Orc:1    | Entered Level 1 of the Orcish Mines
 29471 | Orc:1    | Found a roughly hewn altar of Beogh.
 29707 | Orc:2    | Entered Level 2 of the Orcish Mines
 29745 | Orc:2    | Found an iron altar of Okawaru.
 29827 | Orc:2    | Found a staircase to the Elven Halls.
 29941 | Orc:2    | Noticed an orc warlord
 30373 | Abyss:1  | Noticed an Executioner
 30382 | Abyss:1  | Banished an Executioner
 30385 | Abyss:2  | Found a corrupted altar of Lugonu.
 30476 | Abyss:2  | Noticed a bone dragon
 30515 | Abyss:2  | Found a stormy altar of Qazlal.
 30524 | Abyss:2  | Found a stormy altar of Qazlal.
 30563 | Abyss:2  | Noticed a tentacled starspawn
 30571 | Abyss:2  | Banished a tentacled starspawn
 30658 | Orc:1    | Escaped the Abyss
 30888 | Orc:2    | Noticed Urug
 30913 | Orc:2    | Banished an orc warlord
 30920 | Orc:2    | Killed Urug
 30938 | Orc:2    | Gained mutation: You have a pair of horns on your head. [demonic ancestry]
 30938 | Orc:2    | Reached XP level 15. HP: 34/122 MP: 9/19
 31161 | Orc:2    | Found a roughly hewn altar of Beogh.
 31224 | Orc:2    | Found Zefy's Antique Armour Boutique.
 31616 | Orc:2    | Noticed Serafim's ghost (journeyman MiFi)
 31628 | Orc:2    | Banished Serafim's ghost
 31640 | Orc:2    | Found Vonkuam's General Store.
 31647 | Orc:2    | Bought a +0 hand crossbow of flaming for 132 gold pieces
 31701 | Orc:2    | Bought a pair of glowing boots for 255 gold pieces
 31862 | Orc:2    | Found Jegyoss's Book Boutique.
 31877 | Orc:2    | Found Zosk's Antique Weapon Boutique.
 32283 | Orc:1    | Found a roughly hewn altar of Beogh.
 32402 | Elf:1    | Entered Level 1 of the Elven Halls
 32625 | Elf:1    | Found Uteatrym's Food Emporium.
 32826 | Elf:1    | Found Zeqa's Jewellery Emporium.
 32882 | Elf:1    | Found Jekkuogg's Assorted Antiques.
 32938 | Elf:1    | Noticed Azrael
 32949 | Elf:1    | Reached skill level 5 in Shields
 33213 | Elf:1    | Found Zatin Nui's Weapon Boutique.
 33838 | Elf:1    | Found Fotask's Magic Scroll Boutique.
 34111 | Elf:1    | Banished Azrael
 34376 | Orc:2    | Bought a manual of Fighting for 1987 gold pieces
 34855 | D:13     | Reached XP level 16. HP: 121/132 MP: 20/20
 35203 | Abyss:1  | Paralysed by accursed screaming for 1 turns
 35256 | D:13     | Escaped the Abyss
 35704 | D:14     | Found Qaemue's General Store.
 35708 | D:14     | Noticed Snorg
 35854 | D:14     | Found a shadowy altar of Dithmenos.
 36091 | D:14     | Found a gate to the Vaults.
 36345 | D:15     | Entered Level 15 of the Dungeon
 36424 | D:15     | Found a staircase to the Depths.
 36910 | D:15     | Found a white marble altar of Elyvilon.
 37908 | Abyss:1  | Reached skill level 15 in Fighting
 37981 | Abyss:2  | Gained mutation: You are clumsy. (Dex -2) [a neqoxec]
 38027 | Abyss:2  | Found a corrupted altar of Lugonu.
 38180 | D:15     | Escaped the Abyss
 38965 | Swamp:1  | Entered Level 1 of the Swamp
 39278 | Swamp:1  | Noticed Roxanne
 39288 | Swamp:1  | Banished Roxanne
 40600 | Swamp:3  | Gained mutation: You have a pair of large horns on your head. [demonic ancestry]
 40600 | Swamp:3  | Reached XP level 17. HP: 91/144 MP: 16/21
 40911 | Swamp:3  | Noticed Donald
 41040 | Swamp:3  | Killed Donald
 41357 | Swamp:4  | Entered Level 4 of the Swamp
 42877 | Swamp:4  | Noticed Nikola
 42934 | Swamp:4  | Killed Nikola
 43084 | Swamp:4  | Got a decaying rune of Zot
 43636 | Spider:1 | Entered Level 1 of the Spider Nest
 44299 | Spider:1 | Reached skill level 10 in Shields
 45887 | Spider:3 | Noticed Bai Suzhen
 47026 | Spider:2 | Killed Bai Suzhen
 47026 | Spider:2 | Gained mutation: You regenerate magic rapidly. [demonic ancestry]
 47026 | Spider:2 | Reached XP level 18. HP: 107/155 MP: 16/22
 48064 | Spider:4 | Entered Level 4 of the Spider Nest
 48356 | Spider:4 | Noticed Arachne
 49162 | Spider:4 | Killed Arachne
 50124 | Spider:4 | Reached skill level 15 in Armour
 51188 | Spider:4 | Got a gossamer rune of Zot
 52004 | Elf:2    | Found a glowing silver altar of Zin.
 52004 | Elf:2    | Found a glowing golden altar of the Shining One.
 52004 | Elf:2    | Found a ruined gateway.
 52042 | Elf:2    | Found a white marble altar of Elyvilon.
 52049 | Desolati | Entered the Desolation of Salt
 52356 | Desolati | Gained mutation: Your magical and physical power is slightly enhanced at high health. [demonic ancestry]
 52356 | Desolati | Reached XP level 19. HP: 36/163 MP: 18/23
 52458 | Desolati | HP: 4/163 [servant of whispers/bolt of lightning (5)]
 52466 | Desolati | Mangled by a saltling

Skill      XL: |  1  2  3  4  5  6  7  8  9 10 11 12 13 14 15 16 17 18 19 |
---------------+----------------------------------------------------------+-----
Long Blades    | 2 3 4 5 7 9 10 11 13 14 16 17 18 | 18.0
Dodging        | 1 2 3 4 5 |  5.1
Armour         | 2 3 4 5 7 8 9 10 11 12 13 14 15 | 15.2
Fighting       | 4 5 6 7 9 10 11 12 13 16 17 18 | 18.1
Stealth        | 1 2 3 |  3.1
Invocations    | 3 4 5 6 |  6.3
Evocations     | 1 3 4 |  4.2
Shields        | 3 6 8 10 12 | 12.6

Action                   |  1- 3 |  4- 6 |  7- 9 | 10-12 | 13-15 | 16-18 | 19-21 || total
-------------------------+-------+-------+-------+-------+-------+-------+-------++-------
Melee: Falchion          |   136 |   306 |   591 |   665 |       |       |       ||  1698
       Headbutt          |       |       |    63 |   329 |   324 |   551 |    13 ||  1280
       Scimitar          |       |       |       |   668 |   747 |  2328 |    33 ||  3776
       Triple sword      |       |       |       |       |   582 |       |       ||   582
Invok: Depart the Abyss  |     1 |       |       |     1 |     2 |     2 |       ||     6
       Bend Space        |       |       |     2 |    13 |     5 |     4 |     4 ||    28
       Enter the Abyss   |       |       |       |     1 |     2 |     2 |       ||     5
       Brand Weapon With |       |       |       |       |     1 |       |       ||     1
Evoke: Wand              |       |       |     3 |    30 |    26 |    18 |       ||    77
       Box of beasts     |       |       |       |       |     1 |       |       ||     1
       Phantom mirror    |       |       |       |       |       |     1 |       ||     1
  Use: Potion            |     1 |     1 |       |     4 |     2 |    10 |    10 ||    28
       Scroll            |       |     6 |     2 |    19 |    15 |    14 |     8 ||    64
 Stab: Sleeping          |     1 |       |       |       |       |       |       ||     1
       Distracted        |       |     1 |       |     1 |       |     1 |       ||     3
       Confused          |       |       |       |     1 |     1 |       |       ||     2
       Petrified         |       |       |       |       |     2 |       |       ||     2
       Invisible         |       |       |       |       |       |       |     2 ||     2
  Eat: Chunk             |     2 |     8 |    17 |    20 |    38 |    27 |       ||   112
       Meat ration       |       |     1 |       |     3 |     1 |     5 |       ||    10
       Fruit             |       |       |     2 |       |     6 |    10 |       ||    18
Armor: Leather armour    |    49 |       |       |       |       |       |       ||    49
       Skin              |     1 |       |       |    16 |       |       |       ||    17
       Scale mail        |       |   157 |     4 |    55 |   164 |       |       ||   380
       Chain mail        |       |       |   202 |       |       |       |       ||   202
       Plate armour      |       |       |    81 |   933 |       |       |       ||  1014
       Gold dragon scale |       |       |       |       |   998 |  2185 |    42 ||  3225
Dodge: Dodged            |    73 |   157 |   189 |   565 |   460 |   670 |    25 ||  2139
Block: Other             |       |     9 |    61 |   206 |   156 |       |       ||   432
       Reflection        |       |       |     1 |     7 |    18 |    36 |       ||    62
       Buckler           |       |       |       |       |   304 |  1605 |    34 ||  1943
       Rpst.: Falchion   |    23 |    51 |    61 |    59 |       |       |       ||   194
       Scimitar          |       |       |       |   104 |    45 |   148 |     8 ||   305
       Triple sword      |       |       |       |       |    91 |       |       ||    91
